 Dungeon Crawl Stone Soup version 0.23-a0-451-g1044d4c (webtiles) character file.

56 wilfster70 the Poker (level 3, 0/29 HPs)
             Began as a Demonspawn Berserker on Nov 23, 2018.
             Was a Believer of Trog.
             Succumbed to an adder's poison
             ... on level 2 of the Dungeon.
             The game lasted 00:03:22 (1438 turns).

wilfster70 the Poker (Demonspawn Berserker)         Turns: 1438, Time: 00:03:23

Health: 0/29       AC:  6    Str: 23    XL:     3   Next: 69%
Magic:  3/3        EV:  6    Int:  8    God:    Trog [**....]
Gold:   56         SH: 12    Dex: 12    Spells: 2/2 levels left

rFire    . . .     SeeInvis .   a - +0 spear
rCold    . . .     Gourm    .   e - +0 large shield (curse)
rNeg     . . .     Faith    .   m - +0 scale mail
rPois    .         Spirit   .   (no helmet)
rElec    .         Reflect  .   (no cloak)
rCorr    .         Harm     .   (no gloves)
MR       .....                  (no boots)
Stlth    ..........             (no amulet)
HPRegen  0.09/turn              (no ring)
MPRegen  0.08/turn              (no ring)

@: mighty, lethally poisoned (0 -> -11), flying
A: spiny 1
a: Berserk, Trog's Hand, Renounce Religion


You were on level 2 of the Dungeon.
You worshipped Trog.
Trog was pleased with you.
You were not hungry.

You visited 1 branch of the dungeon, and saw 2 of its levels.

You collected 56 gold pieces.

Inventory:

Hand Weapons
 a - a +0 spear (weapon)
Armour
 e - a cursed +0 large shield (worn)
 m - a +0 scale mail (worn)
Scrolls
 d - 2 scrolls of identify {unknown}
 g - a scroll of blinking {unknown}
 h - a scroll of fog {unknown}
 i - a scroll of fear {unknown}
 k - a scroll of remove curse {unknown}
 l - a scroll of random uselessness {unknown}
Potions
 b - a potion of heal wounds {unknown}
Comestibles
 c - 2 rations


   Skills:
 + Level 3.3 Fighting
 * Level 3.4 Polearms
 + Level 2.3 Armour
 + Level 2.2 Dodging


You had 2 spell levels left.
You didn't know any spells.
Your spell library was empty.

Dungeon Overview and Level Annotations

Branches:
Dungeon (2/15)

Altars:


Innate Abilities, Weirdness & Mutations

You are partially covered in sharp spines.


Message History

You feel sick. The adder bites you.
* * * LOW HITPOINT WARNING * * *
The adder is struck by your spines. The adder bites you.
* * * LOW HITPOINT WARNING * * *
You hit the adder.
You kill the adder!
Trog accepts your kill.
* * * LOW HITPOINT WARNING * * *
You feel sick.
* * * LOW HITPOINT WARNING * * *
You feel sick.
You see here a +0 dagger.
It was a potion of flight.
You feel very buoyant.
You fly up into the air.
* * * LOW HITPOINT WARNING * * *
You feel sick.
It was a potion of might.
You feel very mighty all of a sudden.
You die...

#.. #.# #.. #.# #
#... #.#.#
##...###.#. ##
.......... ..
.........####.#
........).....#
####. ........!#
..... ##...###@#
..... #...# #.#
##### ..# #.# ...#
#<# #.# ##.# #.#
#.# #.# #.# #.#
##.#########.# #.#
.............###.#
##.#######.[.....#


There were no monsters in sight!

Vanquished Creatures
  2 adders (D:2)
  A worm (D:2)
  3 leopard geckos (D:1)
  An orc (D:2)
  4 bats (D:1)
  2 giant cockroaches (D:1)
  7 goblins (D:1)
  3 hobgoblins (D:1)
  A frilled lizard (D:1)
  4 kobolds
  4 rats (D:1)
32 creatures vanquished.

Notes
Turn   | Place    | Note
-------+----------+-------------------------------------------
     0 | D:1      | wilfster70 the Demonspawn Berserker began the quest for the
                  | Orb.
     0 | D:1      | Reached XP level 1. HP: 18/18 MP: 1/1
    22 | D:1      | Gained mutation: You are partially covered in sharp spines.
                  | [demonic ancestry]
    22 | D:1      | Reached XP level 2. HP: 4/24 MP: 2/2
    26 | D:1      | HP: 1/36 [kobold (1)]
   853 | D:1      | Reached XP level 3. HP: 28/29 MP: 3/3
  1363 | D:2      | Reached ** piety under Trog
  1437 | D:2      | HP: 1/29 [poisoned by an adder]
  1438 | D:2      | Succumbed to an adder's poison

Vault maps used:
D:1:      eino_arrival_water_cross, serial_bayou_pond_a, minmay_strange_pillars,
          kennysheep_minor_cross
D:2:      minitemple, minmay_shallow_snake_nest, uniq_jessica

Skill      XL: |  1  2 |
---------------+-------+-----
Armour         | 2 |  2.3
Polearms       | 3 |  3.4
Dodging        | 2 |  2.2
Fighting       | |  3.3

Action                   || total
-------------------------++-------
Melee: Spear             ||   113
Invok: Berserk           ||     1
  Use: Potion            ||     2
  Eat: Chunk             ||     3
Armor: Animal skin       ||     6
       Ring mail         ||    17
       Scale mail        ||    12
Dodge: Dodged            ||    45
Block: Large shield      ||    47

Table legend:
 A = Non-vault XP
 B = Vault XP
 C = Vault XP percentage of total XP
 D = Non-vault monster count
 E = Vault monster count
 F = Vault count percentage of total count
                 A         B        C        D         E       F
            +---------+---------+-------+---------+---------+-------
      Total |      80 |       0 |   0.0 |      32 |       0 |   0.0
            +---------+---------+-------+---------+---------+-------
        D:1 |      43 |       0 |   0.0 |      27 |       0 |   0.0
        D:2 |      37 |       0 |   0.0 |       5 |       0 |   0.0
            +---------+---------+-------+---------+---------+-------
